 Dungeon Crawl Stone Soup version 0.22-a0-253-gf9d0ce5 (webtiles) character file.

4176 tilp the Spear-Bearer (level 10, -5/71 HPs)
             Began as a Merfolk Ice Elementalist on Mar 3, 2018.
             Was a Follower of Makhleb.
             Slain by a two-headed ogre
             ... wielding a +0 dire flail
              (6 damage)
             ... on level 8 of the Dungeon.
             The game lasted 00:30:57 (10020 turns).

tilp the Spear-Bearer (Merfolk Ice Elementalist)   Turns: 10020, Time: 00:30:58

Health: -5/71      AC: 12    Str:  8    XL:     10   Next: 28%
Magic:  8/16       EV: 15    Int: 19    God:    Makhleb [*.....]
Gold:   372        SH:  5    Dex: 14    Spells: 8/17 levels left

rFire    . . .     SeeInvis +   a - +1 trident (vamp)
rCold    . . .     Gourm    .   b - +0 buckler
rNeg     + . .     Faith    +   M - +2 robe {rN+}
rPois    .         Spirit   .   (no helmet)
rElec    .         Reflect  .   (no cloak)
rCorr    .         Harm     .   (no gloves)
MR       .....                  s - +0 pair of boots
Stlth    ++........             N - amulet of faith
HPRegen  0.21/turn              L - ring of wizardry
MPRegen  0.15/turn              E - ring of see invisible

@: icy armour, slow
A: change form in water, swift swim, stealthy swim
a: Renounce Religion


You were on level 8 of the Dungeon.
You worshipped Makhleb.
Makhleb was aware of your devotion.
You were not hungry.

You visited 1 branch of the dungeon, and saw 9 of its levels.

You collected 372 gold pieces.

Inventory:

Hand Weapons
 a - a +1 vampiric trident (weapon)
 q - a +0 hunting sling
 A - a +0 flail of protection
 C - a +0 trident
 D - the +0 whip of the People {elec, rPois Stlth+}
   (You found it on level 5 of the Dungeon)

   Occasionally, upon striking a foe, it will discharge some electrical energy
   and cause terrible harm.
   It protects you from poison.
   It makes you more stealthy.
 K - a +3 scimitar of flaming
Missiles
 e - 134 stones
 x - 5 tomahawks (quivered)
Armour
 b - a +0 buckler (worn)
 s - a +0 pair of boots (worn)
 M - a +2 robe of positive energy (worn)
Jewellery
 n - an uncursed ring of protection from cold
 E - a ring of see invisible (right hand)
 L - a ring of wizardry (left hand)
 N - an amulet of faith (around neck)
Wands
 h - a wand of enslavement (13)
 o - a wand of polymorph (23)
 u - a wand of flame (24)
 y - a wand of digging (14)
 G - a wand of disintegration (6)
Scrolls
 d - 3 scrolls of fear
 j - a scroll of blinking {unknown}
 m - 4 scrolls of teleportation
 p - a scroll of magic mapping {unknown}
 r - a scroll of enchant weapon
 t - a scroll of fog {unknown}
 w - 4 scrolls of remove curse
 B - a scroll of amnesia {unknown}
Potions
 f - 2 potions of curing
 g - a potion of brilliance
 i - 2 potions of flight
 k - 2 potions of magic
 l - a potion of lignification {unknown}
 v - a potion of ambrosia {unknown}
 z - a potion of berserk rage {unknown}
 F - 2 potions of might
 H - a potion of heal wounds {unknown}
 I - 2 potions of cancellation {unknown}
 J - 2 potions of invisibility
Comestibles
 c - 16 rations


   Skills:
 - Level 4.1 Fighting
 + Level 10.5 Polearms
 - Level 6.2 Dodging
 - Level 2.1 Stealth
 - Level 4.1 Shields
 - Level 4.0 Spellcasting
 - Level 0.7 Conjurations
 - Level 4.1 Charms
 - Level 2.1 Necromancy
 - Level 7.1 Ice Magic
 - Level 6.0 Invocations


You had 8 spell levels left.
You knew the following spells:

 Your Spells              Type           Power        Failure   Level  Hunger
a - Freeze                Ice            ####         1%          1    None
b - Throw Frost           Conj/Ice       ###...       1%          2    ##.....
c - Ozocubu's Armour      Chrm/Ice       ####....     1%          3    ###....
d - Regeneration          Chrm/Necr      ###.......   4%          3    ###....


Dungeon Overview and Level Annotations

Branches:
Dungeon (9/15)             Temple (0/1) D:5
   Lair: D:8-11         Orc: D:9-12

Altars:
Cheibriados
Fedhas
Gozag
Kikubaaqudgha
Makhleb
Okawaru
Ru
Trog
Vehumet
Xom
Yredelemnul
Zin
The Shining One

Annotations:
D:8 Grum, Maurice, Pikel


Message History

Casting: Freeze (safe; 1% risk of failure)
Confirm with . or Enter, or press ? or * to list all spells.
Aiming: Freeze (safe; 1% risk of failure)
Press: ? - help, Shift-Dir - straight line, f/p - two-headed ogre
Aim: a two-headed ogre, wielding a dire flail and a giant club (heavily wounded)
You freeze the two-headed ogre.
The two-headed ogre is heavily wounded.
The two-headed ogre hits you with a dire flail!
The two-headed ogre closely misses you.
Casting: Freeze (safe; 1% risk of failure)
Confirm with . or Enter, or press ? or * to list all spells.
Aiming: Freeze (safe; 1% risk of failure)
Press: ? - help, Shift-Dir - straight line, f/p - two-headed ogre
Aim: a two-headed ogre, wielding a dire flail and a giant club (heavily wounded)
You freeze the two-headed ogre.
The two-headed ogre is severely wounded.
The two-headed ogre hits you with a dire flail!!
* * * LOW HITPOINT WARNING * * *
The two-headed ogre hits you with a giant club.
You die...

#.....# #.########.#
#.....# ##..........#
#.....#
#.#####....#######
###'### ######.#
#........... #.#...#
#......#####...........
#.###.#
#.####....##.....######
#...#.# #.#
#....#####..# #.#.#.##
#.# #....# #..#
#.#.#..# #.# #@####
#..# #.#....# #.# #O#
#..# #.####.# #.# #.#
#..###### #.# #.# #.#
#.########.......# #.#
#.# #.#
#........p........
#.#########.#
#..#######........
#...........####..#
#####.....
##############....#
#....@.... #.#.##
#..K......


You could see a two-headed ogre.

Vanquished Creatures
  Erica (D:8)
  Grinder (D:3)
  A wyvern (D:9)
  The ghost of GameOver the Sneak, an amateur NaWz (D:4)
  Menkaure (D:4)
  4 sky beasts
  An ice beast (D:7)
  A slave (D:8)
  A phantom (D:9)
  An ogre (D:8)
  3 wolves (D:8)
  4 centaurs
  5 bullfrogs
  A wyvern skeleton (D:7)
  A scorpion (D:6)
  4 killer bees
  An electric eel (D:7)
  4 crimson imps
  A bullfrog zombie (D:8)
  The ghost of Autsider the Sneak, a weakling VSAs (D:3)
  A jelly (D:6)
  5 hounds
  5 orc priests
  4 orc wizards
  Jessica (D:2)
  A bullfrog skeleton (D:7)
  An iguana (D:4)
  7 worker ants
  A hound zombie (D:6)
  A hound skeleton (D:5)
  7 adders
  2 howler monkey skeletons
  A shadow imp (D:8)
  An ooze (D:3)
  2 adder skeletons (D:8)
  2 worms
  7 dart slugs
  3 leopard geckos
  17 orcs
  8 bats
  7 giant cockroaches
  5 goblins
  3 hobgoblins
  6 jackals
  2 quokkas
  5 frilled lizards
  8 kobolds
  A leopard gecko skeleton (D:3)
  3 rats
155 creatures vanquished.

Notes
Turn   | Place    | Note
-------+----------+-------------------------------------------
     0 | D:1      | tilp the Merfolk Ice Elementalist began the quest for the Orb.
     0 | D:1      | Reached XP level 1. HP: 13/13 MP: 3/3
   195 | D:1      | Reached XP level 2. HP: 12/19 MP: 1/5
   199 | D:1      | Learned a level 2 spell: Throw Frost
   761 | D:2      | Reached XP level 3. HP: 24/24 MP: 1/6
   766 | D:2      | Learned a level 3 spell: Ozocubu's Armour
  1039 | D:2      | Found an iron altar of Okawaru.
  1163 | D:2      | Noticed Jessica
  1180 | D:2      | Killed Jessica
  1180 | D:2      | Reached skill level 5 in Ice Magic
  1180 | D:2      | Reached XP level 4. HP: 30/30 MP: 0/7
  1472 | D:2      | Found a bloodstained altar of Trog.
  1646 | D:3      | Noticed Autsider's ghost (weakling VSAs)
  1658 | D:3      | Killed Autsider's ghost
  1658 | D:3      | Reached XP level 5. HP: 32/35 MP: 0/8
  2006 | D:3      | Noticed Grinder
  2041 | D:3      | Found a sacrificial altar of Ru.
  2084 | D:3      | Found a radiant altar of Vehumet.
  2276 | D:4      | Reached XP level 6. HP: 37/41 MP: 0/9
  2390 | D:4      | Reached skill level 1 in Fighting
  3148 | D:4      | Reached XP level 7. HP: 45/54 MP: 7/10
  3199 | D:4      | Reached skill level 1 in Shields
  3441 | D:4      | Noticed Menkaure
  3448 | D:4      | Killed Menkaure
  3550 | D:4      | Noticed GameOver's ghost (amateur NaWz)
  3711 | D:5      | Entered Level 5 of the Dungeon
  3881 | D:5      | Found a burning altar of Makhleb.
  3889 | D:5      | Got a slimy whip
  3896 | D:5      | Became a worshipper of Makhleb the Destroyer
  3897 | D:5      | Identified the cursed +0 whip of the People {elec, rPois Stlth+} (You found it on level 5 of the Dungeon)
  4239 | D:5      | Found a staircase to the Ecumenical Temple.
  4278 | D:5      | Found an ancient bone altar of Kikubaaqudgha.
  4285 | D:5      | Found a blossoming altar of Fedhas.
  4610 | D:5      | Found a shimmering altar of Xom.
  4611 | D:5      | Found a burning altar of Makhleb.
  4789 | D:6      | Reached XP level 8. HP: 47/60 MP: 8/11
  4900 | D:6      | Reached skill level 5 in Dodging
  5133 | D:5      | Reached skill level 1 in Invocations
  5508 | D:6      | Found a snail-covered altar of Cheibriados.
  6195 | D:7      | Reached skill level 5 in Invocations
  6352 | D:7      | Reached * piety under Makhleb
  6435 | D:7      | Reached skill level 1 in Charms
  6446 | D:7      | Reached XP level 9. HP: 35/65 MP: 0/13
  6717 | D:7      | Learned a level 3 spell: Regeneration
  7167 | D:7      | Found a faded altar of an unknown god.
  7167 | D:7      | Found a faded altar of an unknown god.
  7172 | D:7      | Found a glowing silver altar of Zin.
  7176 | D:7      | Found a glowing golden altar of the Shining One.
  7178 | D:7      | Found an opulent altar of Gozag.
  7237 | D:7      | Found a basalt altar of Yredelemnul.
  7350 | D:8      | Reached skill level 1 in Necromancy
  7735 | D:8      | Noticed Maurice
  7863 | D:8      | You fall through a shaft!
  7878 | D:9      | Reached skill level 3 in Polearms
  7998 | D:9      | Reached skill level 4 in Polearms
  8160 | D:9      | Noticed Erica
  8507 | D:8      | Reached skill level 5 in Polearms
  8819 | D:8      | Noticed a two-headed ogre
  8994 | D:8      | Killed Erica
  8994 | D:8      | Reached skill level 9 in Polearms
  8994 | D:8      | Reached XP level 10. HP: 45/71 MP: 1/16
  9155 | D:8      | Noticed Pikel
  9315 | D:4      | Killed GameOver's ghost
  9432 | D:3      | Paralysed by Grinder for 3 turns
  9439 | D:3      | Killed Grinder
  9626 | D:8      | Reached skill level 10 in Polearms
  9750 | D:8      | Noticed Grum
 10020 | D:8      | HP: 1/71 [two-headed ogre/dire flail (26)]
 10020 | D:8      | Slain by a two-headed ogre

Vault maps used:
D:1:      minmay_arrival_four_loops
D:2:      bloody_trog, lemuel_round_altar, uniq_jessica
D:3:      overflow_temple_1_default, old_standard_altar, uniq_grinder
D:4:      uniq_menkaure
D:5:      grunt_temple_overflow_champion_of_chaos,
          grunt_temple_overflow_growth_and_decay, minmay_temple_entry_grid,
          first_ration, nicolae_zen_rock_garden, bloody_makhleb
D:6:      cheibrodos_worm_habitat
D:7:      kennysheep_slugbush, chequers_temple_overflow_minitemple,
          overflow_temple_1_default
D:8:      uniq_pikel, uniq_maurice, uniq_grum
D:9:      dpeg_oklobed_lair, uniq_erica

Skill      XL: |  1  2  3  4  5  6  7  8  9 10 |
---------------+-------------------------------+-----
Ice Magic      | 4 5 6 7 |  7.1
Fighting       | 4 |  4.1
Shields        | 4 |  4.1
Dodging        | 4 6 |  6.2
Invocations    | 6 |  6.0
Charms         | 2 4 |  4.1
Necromancy     | 2 |  2.1
Spellcasting   | 4 |  4.0
Polearms       | 9 10 | 10.5
Stealth        | |  2.1
Conjurations   | |  0.7

Action                   |  1- 3 |  4- 6 |  7- 9 | 10-12 || total
-------------------------+-------+-------+-------+-------++-------
Melee: Dagger            |    12 |    53 |       |       ||    65
       Flail             |       |    27 |    37 |       ||    64
       Whip              |       |       |   224 |    19 ||   243
       Trident           |       |       |       |     2 ||     2
Throw: Stone             |     4 |     6 |     4 |       ||    14
       Tomahawk          |       |       |     3 |       ||     3
 Cast: Freeze            |    34 |    68 |   135 |    50 ||   287
       Ozocubu's Armour  |     2 |     9 |    24 |     6 ||    41
       Throw Frost       |       |     1 |     3 |     1 ||     5
Evoke: Wand              |       |     5 |     4 |       ||     9
  Use: Scroll            |       |       |    13 |     3 ||    16
       Potion            |       |       |     3 |       ||     3
 Stab: Sleeping          |     3 |     6 |     5 |     1 ||    15
       Distracted        |       |       |     1 |     1 ||     2
  Eat: Chunk             |     1 |    10 |    22 |       ||    33
       Ration            |       |       |       |     3 ||     3
Armor: Robe              |    10 |    33 |    92 |    22 ||   157
Dodge: Dodged            |    25 |    98 |   232 |    28 ||   383
Block: Buckler           |       |       |    81 |    11 ||    92

Table legend:
 A = Spawn XP
 B = Non-spawn XP
 C = Spawn XP percentage of total XP
 D = Spawn monster count
 E = Non-spawn monster count
 F = Spawn count percentage of total count
 G = Total turns spent on level
                    A         B        C        D         E        F      G
               +---------+---------+-------+---------+---------+-------+---------
         Total |       0 |    5967 |   0.0 |       0 |     154 |   0.0 | 10020
               +---------+---------+-------+---------+---------+-------+---------
           D:1 |       0 |      23 |   0.0 |       0 |      16 |   0.0 |   744
           D:2 |       0 |     123 |   0.0 |       0 |      19 |   0.0 |   968
           D:3 |       0 |     387 |   0.0 |       0 |      15 |   0.0 |   573
           D:4 |       0 |     829 |   0.0 |       0 |      23 |   0.0 |  1632
           D:5 |       0 |     293 |   0.0 |       0 |      12 |   0.0 |  1161
           D:6 |       0 |     820 |   0.0 |       0 |      20 |   0.0 |  1357
           D:7 |       0 |     721 |   0.0 |       0 |      21 |   0.0 |  1413
           D:8 |       0 |    2429 |   0.0 |       0 |      25 |   0.0 |  1863
           D:9 |       0 |     342 |   0.0 |       0 |       3 |   0.0 |   309
               +---------+---------+-------+---------+---------+-------+---------
